 Dungeon Crawl Stone Soup version 0.32-a0-422-g28b100f618 (webtiles) character file.

Game seed: 16112452931311508177

147 Dittersdorf the Trooper (level 5, 0/33 HPs)
             Began as a Gargoyle Fighter on Feb 21, 2024.
             Slain by a gnoll
             ... wielding a +0 flail
              (4 damage)
             ... on level 1 of the Dungeon.
             The game lasted 00:01:16 (1343 turns).

Dittersdorf the Trooper (Gargoyle Fighter)          Turns: 1343, Time: 00:01:17

Health: 0/33       AC: 11    Str: 22    XL:     5   Next: 29%
Magic:  5/5        EV:  9    Int:  8    God:
Gold:   118        SH:  4    Dex:  9    Spells: 4/4 levels left

rFire   + . .        a - +0 flail
rCold   . . .        c - +0 buckler
rNeg    + . .        b - +0 scale mail
rPois   ∞            (no helmet)
rElec   +            n - scarf {repulsion}
rCorr   .            (no gloves)
SInv    .            (no boots)
Will    .....        (no amulet) Stlth
                     o - ring of protection from fire
HPRegen 0.25/turn    (no ring)
MPRegen 0.09/turn

%: repel missiles
@: no status effects
A: sickness immunity, AC +4, negative energy resistance 1, electricity
resistance, torment resistance 1, petrification resistance
a: no special abilities


You were on level 1 of the Dungeon.
You visited 1 branch of the dungeon, and saw 2 of its levels.

You collected 118 gold pieces.

Inventory:

Hand Weapons
 a - a +0 flail (weapon)
Armour
 b - a +0 scale mail (worn)
 c - a +0 buckler (worn)
 k - a +0 plate armour
 n - a scarf of repulsion (worn)
Jewellery
 o - a ring of protection from fire (left hand)
Scrolls
 e - a scroll of fear {unknown}
 h - 2 scrolls of enchant armour {unknown}
 j - a scroll of torment {unknown}
 m - a scroll of immolation {unknown}
 p - 2 scrolls of identify {unknown}
 q - a scroll of poison {unknown}
Potions
 d - 2 potions of might
 f - a potion of resistance {unknown}
 g - 2 potions of heal wounds {unknown}
 i - a potion of lignification {unknown}
 l - 2 potions of curing {unknown}
 r - a potion of brilliance {unknown}


   Skills:
 + Level 4.2 Fighting
 + Level 3.1 Maces & Flails
 + Level 4.2 Armour
 + Level 4.2 Shields


You had 4 spell levels left.
You didn't know any spells.
Your spell library was empty.

Dungeon Overview and Level Annotations

Branches:
Dungeon (2/15)

Altars:
Yredelemnul


Innate Abilities, Weirdness & Mutations

You are immune to sickness and miasma.
Your stone body is resilient. (AC +4)
You are immune to poison.
You resist negative energy. (rN+)
You are resistant to electric shocks. (rElec)
You are resistant to unholy torment.
You are immune to petrification.


Message History

You are too injured to fight recklessly!
You are too injured to fight recklessly!
You are too injured to fight recklessly!
You are too injured to fight recklessly!
You are too injured to fight recklessly!
You are too injured to fight recklessly!
You are too injured to fight recklessly!
You are too injured to fight recklessly!
You are too injured to fight recklessly!
You are too injured to fight recklessly!
You are too injured to fight recklessly!
The goblin attacks as it pursues you! You block the goblin's attack.
The gnoll attacks as it pursues you! The gnoll hits you with a +0 flail.
* * * LOW HITPOINT WARNING * * *
You closely miss the goblin. You block the goblin's attack.
The goblin hits you but does no damage.
You closely miss the goblin. The goblin barely misses you.
You sock the goblin!
You kill the goblin!
You hit the gnoll but do no damage. The gnoll hits you with a +0 flail.
* * * LOW HITPOINT WARNING * * *
You barely miss the gnoll. The gnoll hits you but does no damage.
You block the gnoll's attack.
You hit the gnoll.
The gnoll is lightly wounded.
The gnoll hits you but does no damage.
You hit the gnoll.
The gnoll is heavily wounded.
The gnoll closely misses you.
You barely miss the gnoll.
The gnoll is heavily wounded.
The gnoll barely misses you. The gnoll hits you but does no damage.
You closely miss the gnoll.
The gnoll is heavily wounded.
The gnoll hits you with a +0 flail.
* * * LOW HITPOINT WARNING * * *
You hit the gnoll.
The gnoll is almost dead.
The gnoll hits you with a +0 flail.
You die...

#.......#
#######.......#
#.....'.......#
######.#####.......#
#....#.# #.......####
##.#.#.# ###.##......
#....#.#######'##......
##...#.##........#....<
###.#@##........#≈..(.
#...#g##........#≈≈~≈≈
#.###g#>g.......#≈≈≈~.
#.# #...........#≈≈≈≈.
#.# #..#........#≈≈≈≈≈
#.# #...........##≈≈≈≈
##.###.#..###...#..÷...
#...)..##...'...+......
#############...######.


You could see 2 gnolls.

Vanquished Creatures
  A gnoll (D:1)
  4 adders (D:2)
  3 dart slugs
  4 ball pythons
  2 bats (D:1)
  3 endoplasms
  3 giant cockroaches
  6 goblins
  4 hobgoblins
  8 jackals
  4 quokkas
  7 kobolds
  2 rats (D:2)
51 creatures vanquished.

Notes
Turn   | Place    | Note
-------+----------+-------------------------------------------
     0 | D:1      | Dittersdorf the Gargoyle Fighter began the quest for the
                  | Orb.
     0 | D:1      | Reached XP level 1. HP: 14/14 MP: 1/1
   133 | D:1      | Reached XP level 2. HP: 16/19 MP: 2/2
   283 | D:1      | Reached XP level 3. HP: 20/23 MP: 3/3
   419 | D:1      | Reached XP level 4. HP: 24/29 MP: 4/4
  1067 | D:2      | Reached XP level 5. HP: 31/33 MP: 5/5
  1196 | D:2      | Found a basalt altar of Yredelemnul.
  1343 | D:1      | Slain by a gnoll

Illustrated notes

Levels and vault maps discovered:
D:1:      dpeg_arrival_pond, layout_basic, minmay_tiny_reverse_x
D:2:      layout_loops_ring, basic_altar, feat_on_display,
          uniq_crazy_yiuf_cottage

Skill      XL: |  1  2  3  4  5 |
---------------+----------------+-----
Fighting       | 4 |  4.2
Armour         | 4 |  4.2
Shields        | 4 |  4.2
Maces & Flails | 3 |  3.1

Action                     |  1- 3 |  4- 6 || total
---------------------------+-------+-------++-------
  Melee: Flail             |    76 |   126 ||   202
 Armour: Scale mail        |    85 |   111 ||   196
  Dodge: Dodged            |    47 |    71 ||   118
         Repelled          |       |     1 ||     1
  Block: Buckler           |    33 |    46 ||    79

Table legend: (Time is in decaauts)
 A = Elapsed time spent in this place.
 B = Non-inter-level travel time spent in this place.
 C = Inter-level travel time spent in this place.
 D = Time resting spent in this place.
 E = Time spent auto-exploring this place.
 F = Levels seen in this place.
 G = Mean time per level.
                   A        B        C        D        E       F      G
               +--------+--------+--------+--------+--------+-----+--------+
         Total |   1404 |   1305 |     99 |     73 |    781 |   2 |  702.0 |
       Dungeon |   1404 |   1305 |     99 |     73 |    781 |   2 |  702.0 |
               +--------+--------+--------+--------+--------+-----+--------+

Top non-repeatable levels by time:
     D:1: 1041 daAuts
     D:2: 363 daAuts
